 Dungeon Crawl Stone Soup version bcrawl-1.27.8b (webtiles) character file.

Game seed: 10401453562208350194

12546312 MisterOstroum the Imperceptible (level 27, 0/144 HPs)
             Began as a Spriggan Fire Elementalist on Oct 25, 2020.
             Was a High Priest of Okawaru.
             Killed by divine providence
             ... invoked by a balrug
              (11 damage)
             ... on level 2 of Gehenna on Oct 28, 2020.
             The game lasted 07:47:48 (78233 turns).

MisterOstroum the Imperceptible (SpFE)             Turns: 78233, Time: 07:47:49

Health: 0/144      AC: 16    Str: 11    XL:     27
Magic:  0/64       EV: 49    Int: 22    God:    Okawaru [*****.]
Gold:   1894       SH: 15    Dex: 28    Spells: 7/63 levels left

rFire    + + +     SeeInvis +   b - +9 fustibalus (freeze)
rCold    + . .     Gourm    .   F - +2 buckler of Xaphak {rPois rF+++ MP+9 Dex-2}
rNeg     + . .     Faith    .   u - +5 steam dragon scales
rPois    +         Spirit   +   W - +2 hat {Int+3}
rElec    +         Reflect  .   y - +1 cloak of Hyjo {+Inv rN+ Dex+2}
rCorr    +         Harm     .   (gloves unavailable)
MR       ++++.     Clarity  +   (boots unavailable)
Stlth    ++++++++++             L - amulet of the Jester {Spirit rElec}
HPRegen  1.34/turn              h - ring of protection from cold
MPRegen  0.39/turn              C - ring "Deproe" {rCorr MP+9 Dex+3}

@: agile, heroism, slightly contaminated, regenerating, studying Throwing,
deflect missiles, very quick
A: very small, unfitting armour, beak, see invisible, clarity, herbivore, speed
3, mutation resistance 1, screaming 1, slow metabolism 2
}: 12/15 runes: barnacled, slimy, silver, golden, obsidian, abyssal, demonic,
glowing, magical, fiery, dark, gossamer
a: Heroism, Finesse, Renounce Religion, Evoke Invisibility


You were on level 2 of Gehenna.
You worshipped Okawaru.
Okawaru was extremely pleased with you.
You were not hungry.

You visited 14 branches of the dungeon, and saw 50 of its levels.
You visited Pandemonium 2 times, and saw 22 of its levels.
You visited the Abyss 4 times.
You visited 1 bazaar.
You also visited: Bailey and Ice Cave.

You collected 9991 gold pieces.
You spent 8097 gold pieces at shops.

Inventory:

Hand Weapons
 a - the +2 rapier of the Sage {pierce, Str+4 Dex+3}
   (Okawaru gifted it to you on level 3 of the Depths)

   It will always inflict at least some extra damage.
   This minimum extra damage increases with your current reserve of magical
   power.
   It affects your strength (+4).
   It affects your dexterity (+3).
 b - a +9 fustibalus of freezing (weapon)
 c - the +6 hand axe "Ampoeloc" {chop, rF+ MR+ Str+2 Int+7}
   (You found it on level 5 of the Pits of Slime)

   It will always inflict at least some extra damage.
   This minimum extra damage increases with your current reserve of magical
   power.
   It affects your strength (+2).
   It affects your intelligence (+7).
   It protects you from fire.
   It affects your resistance to hostile enchantments.
 l - a +8 quick blade
Missiles
 I - 2538 sling bullets (quivered)
 K - 3 throwing nets {=f!f}
Armour
 u - +5 steam dragon scales (worn)
 y - the +1 cloak of Hyjo (worn) {+Inv rN+ Dex+2}
   (Okawaru gifted it to you on level 1 of the Crypt)

   It affects your dexterity (+2).
   It protects you from negative energy.
   It lets you turn invisible.
 F - the +2 buckler of Xaphak (worn) {rPois rF+++ MP+9 Dex-2}
   (You found it on level 6 of the Lair of Beasts)

   It affects your dexterity (-2).
   It renders you almost immune to fire.
   It protects you from poison.
   It affects your magic capacity (+9).
 W - a +2 hat of intelligence (worn)
Jewellery
 h - a ring of protection from cold (left hand)
 n - the ring of Heum {Fire Str+3}
   (You found it on level 2 of the Dungeon)

   [ring of fire]

   It enhances your fire magic.
   It affects your strength (+3).
   It protects you from fire.
   It makes you vulnerable to cold.
 C - the ring "Deproe" (right hand) {rCorr MP+9 Dex+3}
   (You acquired it in a bailey)

   [ring of resist corrosion]

   It affects your dexterity (+3).
   It affects your magic capacity (+9).
   It provides partial protection from all sources of acid and corrosion.
 H - the ring of Vaamakk {Wiz Int+6}
   (You found it on level 5 of the Pits of Slime)

   [ring of wizardry]

   It improves your spell success rate.
   It affects your intelligence (+6).
 L - the amulet of the Jester (around neck) {Spirit rElec}
   (You found it on level 8 of the Dungeon)

   [amulet of guardian spirit]

   It causes incoming damage to be split between your health and magic.
   It insulates you from electricity.
 R - the amulet of Wenepi {Faith Str+4 Int+4}
   (You found it on level 5 of the Pits of Slime)

   [amulet of faith]

   It allows you to gain divine favour quickly.
   It affects your strength (+4).
   It affects your intelligence (+4).
Wands
 j - a wand of iceblast (16)
 m - a wand of enslavement (19)
 r - a wand of acid (6)
 z - a wand of clouds (2)
 P - a wand of paralysis (31)
 U - a wand of digging (39)
 Z - a wand of scattershot (8)
Scrolls
 g - 10 scrolls of fear {!r}
 p - 4 scrolls of fog {!r}
 q - 5 scrolls of immolation
 S - 2 scrolls of summoning {!r}
 X - a scroll of silence {!r}
Potions
 f - 2 potions of curing {@q1 !q}
 s - 3 potions of brilliance
 t - 3 potions of lignification {@q6}
 v - 5 potions of ambrosia
 x - 5 potions of haste {@q4 !q}
 A - 4 potions of resistance
 E - 2 potions of cancellation
 G - a potion of agility {@q5 !q}
 J - 3 potions of might {@q3 !q}
 Q - 5 potions of mutation
Books
 d - a manual of Throwing
Miscellaneous
 i - a lamp of fire (inert)
 o - a sack of spiders
 w - a phial of floods (inert)
 D - the horn of Geryon (inert)
 O - a lightning rod (4/4)
 T - 3 boxes of beasts
 Y - a fan of gales (1/2)
Comestibles
 e - 26 rations {!d}


   Skills:
 * Level 14.9(19.9) Fighting
 - Level 10.0(15.0) Short Blades
 - Level 16.0(21.6) Slings
 + Level 9.1(19.9) Throwing
 - Level 5.8(10.8) Armour
 * Level 21.5(26.5) Dodging
 - Level 22.0(27) Stealth
 - Level 7.2(12.2) Shields
 + Level 18.5 Spellcasting
 - Level 5.0 Hexes
 * Level 18.9 Charms
 - Level 8.6 Summonings
 - Level 5.0 Necromancy
 - Level 20.0 Translocations
 - Level 5.0 Transmutations
 - Level 9.0 Fire Magic
 - Level 9.1 Air Magic
 + Level 9.8 Invocations
 - Level 15.0 Evocations


You had 7 spell levels left.
You knew the following spells:

 Your Spells              Type           Power        Failure   Level  Hunger
a - Apportation           Tloc           ######       0%          1    None
b - Force Lance           Tloc           #######.     0%          4    None
c - Yara's Violent Unrav  Hex/Tmut       #####.....   7%          4    None
d - Flaming Arrows        Chrm/Fire      ######..     1%          2    None
e - Malign Gateway        Summ/Tloc      ######....   12%         7    ###....
f - Passwall              Tmut/Erth      ####....     2%          2    None
g - Dispersal             Tloc           #######...   1%          6    None
i - Infusion              Chrm           #######.     0%          1    None
j - Summon Forest         Summ/Tloc      ######....   1%          5    None
k - Deflect Missiles      Chrm/Air       ######....   2%          6    None
A - Aura of Abjuration    Summ           ######....   4%          5    None
B - Controlled Blink      Tloc           #######.     1%          7    ###....
H - Regeneration          Chrm/Necr      ######....   1%          3    None
P - Portal Projectile     Tloc           ######       0%          3    None

Your spell library contained the following spells:

 Spells                   Type           Power        Failure   Level  Hunger
 Beckoning                Tloc           #######...   0%          3    None
 Beastly Appendage        Tmut           #####.       1%          1    None
 Corona                   Hex            #####..      1%          1    None
 Flame Tongue             Conj/Fire      #####        1%          1    None
 Pain                     Necr           #####.       1%          1    None
 Slow                     Hex            #####...     1%          1    None
 Summon Butterflies       Summ           ######..     1%          1    None
 Summon Small Mammal      Summ           ####         1%          1    None
 Call Imp                 Summ           ######       1%          2    None
 Corpse Rot               Necr           N/A          1%          2    None
 Poisonous Vapours        Pois/Air       #####.       1%          2    None
 Shackle                  Hex            #####...     1%          2    None
 Sticks to Snakes         Tmut           #####...     1%          2    None
 Sublimation of Blood     Necr           #####.....   1%          2    None
 Call Canine Familiar     Summ           ######..     1%          3    None
 Confuse                  Hex            #####...     1%          3    None
 False Image              Hex/Summ       ######..     1%          3    None
 Inner Flame              Hex/Fire       N/A          1%          3    None
 Recall                   Summ/Tloc      N/A          1%          3    None
 Tukima's Dance           Hex            #####...     1%          3    None
 Vampiric Draining        Necr           #####.....   1%          3    None
 Ensorcelled Hibernation  Hex/Ice        ####..       2%          2    None
 Conjure Flame            Conj/Fire      #####...     2%          3    None
 Ignite Poison            Fire/Tmut/Pois #####...     2%          3    None
 Iskenderun's Battlesphe  Conj/Chrm      ######..     3%          5    None
 Summon Lightning Spire   Summ/Air       ######..     3%          5    None
 Summon Demon             Summ           ######....   4%          5    None
 Magic Dart               Conj           ###.         5%          1    None
 Sandblast                Erth           ###...       5%          1    None
 Sting                    Conj/Pois      ###.         5%          1    None
 Dazzling Orbs            Conj/Hex       ####...      5%          3    None
 Spider Form              Tmut/Pois      ###          5%          3    None
 Death Channel            Chrm/Necr      ######....   6%          6    None
 Animate Dead             Necr           N/A          7%          4    None
 Cause Fear               Hex            #####.....   7%          4    None
 Tree Form                Hex/Tmut       N/A          7%          4    None
 Searing Ray              Conj           ###.....     8%          2    None
 Silence                  Hex/Air        ######....   8%          5    None
 Sticky Flame             Conj/Fire      #####...     9%          4    None
 Summon Ice Beast         Ice/Summ       #####...     9%          4    None
 Summon Mana Viper        Hex/Summ       ######..     9%          5    None
 Iskenderun's Mystic Bla  Conj           ###.....     16%         3    None
 Stone Arrow              Conj/Erth      ###...       16%         3    None
 Fulminant Prism          Conj/Hex       ####......   19%         4    None
 Ice Form                 Ice/Tmut       ####....     19%         4    None
 Petrify                  Tmut/Erth      ####......   19%         4    None
 Agony                    Necr           #####...     19%         5    None
 Blade Hands              Tmut           #####.....   19%         5    None
 Dispel Undead            Necr           #####...     19%         5    None
 Fireball                 Conj/Fire      #####.....   22%         5    None
 Lightning Bolt           Conj/Air       #####.....   22%         5    None
 Shadow Creatures         Summ           N/A          22%         6    None
 Summon Hydra             Summ           ######....   22%         6    None
 Irradiate                Conj/Tmut      ####......   45%         5    None
 Metabolic Englaciation   Hex/Ice        ####......   45%         5    None
 Darkness                 Hex            #####.....   71%         6    None
 Conjure Ball Lightning   Conj/Air       #####.....   77%         6    None
 Freezing Cloud           Ice/Air        #####.....   77%         6    None
 Monstrous Menagerie      Summ           ######....   77%         7    ###....
 Summon Greater Demon     Summ           ######....   77%         7    ###....
 Infestation              Hex/Tmut/Pois  #####....    90%         6    None
 Haunt                    Necr/Summ      ######....   95%         7    ###....
 Borgnjor's Vile Clutch   Necr/Erth      ####......   96%         6    None
 Simulacrum               Ice/Necr       ####......   96%         6    None
 Statue Form              Tmut/Erth      ####.....    96%         6    None
 Dragon Form              Tmut           #####..      99%         7    ###....
 Bolt of Cold             Conj/Ice       ###.......   100%        6    None
 Iron Shot                Conj/Erth      ###.......   100%        6    None
 Ozocubu's Refrigeration  Ice            ###.......   100%        6    None
 Poison Arrow             Conj/Pois      ###.......   100%        6    None
 Icicle Burst             Conj/Ice       ###.......   100%        7    ###....
 Orb of Destruction       Conj           ###.......   100%        7    ###....
 Spellforged Servitor     Conj/Summ      #####.....   100%        7    ###....
 Time Stop                Chrm/Tloc      N/A          12%         8    #####..
 Chain Lightning          Conj/Air       #####.....   100%        8    #####..
 Glaciate                 Conj/Ice/Air   ####......   100%        8    #####..
 Lehudib's Crystal Spear  Conj/Erth      ###.......   100%        8    #####..
 Necromutation            Tmut/Necr      #####...     100%        8    #####..
 Summon Horrible Things   Summ           ######....   100%        8    #####..
 Dragon's Call            Summ           ######....   100%        9    ######.
 Fire Storm               Conj/Fire      #####.....   100%        9    ######.
 Tornado                  Air            ######....   100%        9    ######.


Dungeon Overview and Level Annotations

Branches:
Dungeon (12/12)            Temple (1/1) D:4            Lair (6/6) D:9
 Shoals (3/3) Lair:4       Spider (3/3) Lair:2        Slime (5/5) Lair:5
    Orc (1/1) D:11            Elf (3/3) Orc          Vaults (3/3) D:11
  Crypt (2/2) Vaults:1       Tomb (3/3) Crypt:2      Depths (5/5) D:12
   Hell (1/1)                 Geh (2/2) Hell            Tar (0/2) Hell
    Zot (0/5) Depths:5
    Dis: Hell:1         Coc: Hell:1

Altars:
Ashenzari
Cheibriados
Dithmenos
Elyvilon
Fedhas
Gozag
Hepliaklqana
Kikubaaqudgha
Lugonu
Makhleb
Nemelex Xobeh
Okawaru
Qazlal
Ru
Sif Muna
Trog
Uskayaw
Vehumet
Wu Jian
Xom
Yredelemnul
Zin
The Shining One
Beogh
Jiyva

Shops:
D:4 (   D:6 !   D:10 }   Orc (:(}   Elf:1 **%[[   Elf:2 *   Shoals:2 ?
Vaults:1 !*:(   Depths:1 (

Portals:
Hell: Depths:1 Depths:2 Depths:3 Depths:4 Depths:5
Abyss: Depths:4 Depths:5
Pandemonium: Depths:3 Depths:4
Ziggurat: Depths:2

Annotations:
D:4 2 transporters, Menkaure
D:9 :D
Lair:1 Harold
Shoals:1 exclusion: downstairs, Roxanne
Slime:3 exclusion: shining eye
Slime:4 exclusion: acid blob
Vaults:3 Bai Suzhen, Saint Roka
Hell Murray
Geh:2 Asmodeus


Innate Abilities, Weirdness & Mutations

You are very small and have problems with some larger weapons.
You are too small for most types of armour.
You have supernaturally acute eyesight. (SInv)
You are a herbivore.
You cover ground extremely quickly.
You need to consume almost no food.
You have a beak for a mouth.
You possess an exceptional clarity of mind.
You are somewhat resistant to further mutation.
You occasionally shout uncontrollably at your foes.


Message History

Okay, then.
Unknown command.
Unknown command.
Wield which item (- for none, * to show all)? (? for menu, Esc to quit)
Your +9 fustibalus of freezing is covered in frost.
b - a +9 fustibalus of freezing (weapon)
You are no longer infusing your projectiles with flame.
The balrug gestures at you. You deflect the sticky flame!
The sticky flame hits your water elemental!
Your water elemental is burned terribly!
Your water elemental is covered in liquid flames!
The Brimstone Fiend misses you.
The Brimstone Fiend hits you but does no damage.
You block the Brimstone Fiend's attack.
The balrug closely misses your water elemental.
You gain the combat prowess of a mighty hero.
The flames covering your water elemental go out.
Your water elemental stops burning.
The sun demon closely misses your water elemental.
You block the balrug's attack.
Your water elemental is engulfed in a cloud of scalding steam.
You block the Brimstone Fiend's attack. The Brimstone Fiend hits you!
The Brimstone Fiend misses you.
The balrug barely misses your water elemental.
Evoke which item? (* to show all) (? for menu, Esc to quit)
Aiming: Cloud Cone
Press: ? - help, Dir - move target cursor, f/p - hellion
Aim: a hellion (blue smoke)
Okay, then.
Unknown command.
Okay, then.
Really quaff
G - 2 potions of agility {@q5 !q}?
You feel agile all of a sudden.
Your water elemental is engulfed in a cloud of scalding steam.
The sun demon hits your water elemental!!
Your water elemental is destroyed!
The balrug completely misses you. You block the Brimstone Fiend's attack.
The Brimstone Fiend completely misses you.
You block the Brimstone Fiend's attack.
Firing (i - inventory. (/) - cycle)
I - 2543 sling bullets (quivered)
Press: ? - help, Shift-Dir - straight line, f/p - hellion
Aim: a hellion (blue smoke)
You shoot a sling bullet.
The sling bullet hits the Brimstone Fiend but does no damage.
The balrug closely misses you. You block the Brimstone Fiend's attack.
The Brimstone Fiend hits you but does no damage.
The Brimstone Fiend completely misses you.
The balrug gestures at you. The sticky flame misses you.
The sticky flame hits the balrug.
The balrug completely resists.
The balrug is covered in liquid flames!
Firing (i - inventory. (/) - cycle)
I - 2542 sling bullets (quivered)
Press: ? - help, Shift-Dir - straight line, f/p - hellion
Aim: a hellion (blue smoke)
You shoot a sling bullet.
The sling bullet hits the Brimstone Fiend!
The sling bullet freezes the Brimstone Fiend.
The Brimstone Fiend is lightly wounded.
You block the balrug's attack.
The balrug hits you with a +1 demon blade of venom!
* * * LOW HITPOINT WARNING * * *
You are engulfed in flames.
You resist.
* * * LOW HITPOINT WARNING * * *
Blink to where?
Press: ? - help, Dir - move target cursor, p - hellion You are lightly contaminated with residual magic.
As you read the scroll of blinking {@r4}, it crumbles to dust.
Okay, then.
Firing (i - inventory. (/) - cycle)
I - 2541 sling bullets (quivered)
Press: ? - help, Shift-Dir - straight line, f - hellion
Aim: a hellion You shoot a sling bullet.
The sling bullet hits the hellion!
The sling bullet freezes the hellion.
The hellion is heavily wounded.
The balrug gestures at you. Something smites you!
* * * LOW HITPOINT WARNING * * *
Firing (i - inventory. (/) - cycle)
I - 2540 sling bullets (quivered)
Press: ? - help, Shift-Dir - straight line, f/p - hellion
Aim: a hellion (heavily wounded)
You shoot a sling bullet.
The sling bullet closely misses the hellion.
The sling bullet hits the balrug!
The sling bullet freezes the balrug.
The balrug is moderately wounded.
The hellion gestures at you.
The sphere of hellfire explodes!
The hellfire engulfs you!!
* * * LOW HITPOINT WARNING * * *
The Brimstone Fiend calls on the powers of darkness!
Your body is wracked with pain!
* * * LOW HITPOINT WARNING * * *
Firing (i - inventory. (/) - cycle)
I - 2539 sling bullets (quivered)
Press: ? - help, Shift-Dir - straight line, f/p - hellion
Aim: a hellion (heavily wounded)
You shoot a sling bullet. The sling bullet hits the hellion!
The sling bullet freezes the hellion.
You kill the hellion!
Okawaru accepts your kill. The balrug gestures at you. Something smites you!
You die...

§§§.§≈§≈≈§§§≈
≈≈≈≈§≈≈≈≈≈≈≈§
≈§..§≈≈≈≈§≈≈§≈≈§§
≈≈≈§§≈§≈§≈§≈≈
§...§§§§≈..≈≈.≈§≈
≈≈≈≈§§≈§
§§..§§§§§......§≈
≈≈≈≈≈≈§
≈≈..§..§§........
≈≈§§≈≈
§§≈..............
≈≈≈≈≈
.≈...............
≈≈≈§
..............#####
≈≈≈
12#......)...##.@$#
§§
Z.........####....:#
#......####12'....[#
##.#####3§32##....[#
.###..§22######$$$##
.Z3.2##### #####
.##### '' '. #####


You could see a Brimstone Fiend, 2 balrugs and a sun demon.

Vanquished Creatures
  Cerebov (Pan)
  the Royal Jelly (Slime:5)
  4 ancient liches
  A greater mummy (Tomb:1)
  Sojobo (Depths:5)
  2 Killer Klowns (Depths:3)
  A golden dragon (Depths:3)
  Arachne (Spider:3)
  2 caustic shrikes (Depths:3)
  Jory (Crypt:1)
  Geryon (Hell)
  Gastronok (D:9)
  Nikola (Spider:1)
  A bone dragon (Crypt:2)
  3 Brimstone Fiends (Geh:2)
  The ghost of Gogs the Acrobat, an adept KoBe of Trog (Vaults:1)
  Jorgrun (Elf:1)
  6 tentacled monstrosities
  7 liches
  3 Ice Fiends
  3 deep elf blademasters
  2 deep elf master archers (Elf:3)
  4 titans
  21 acid blobs
  5 ancient champions
  Polyphemus (Shoals:3)
  11 sphinxes
  3 Executioners (Pan)
  11 tengu reavers
  2 tentacled starspawn (Abyss:3)
  4 shadow dragons
  6 storm dragons
  Donald (Orc)
  6 fire giants
  A revenant (Tomb:1)
  Ilsuiw (Shoals:2)
  6 balrugs
  9 frost giants
  12 azure jellies
  A blood saint (Pan)
  4 cacodemons
  Aizul (Shoals:1)
  9 deep elf sorcerers
  7 vault wardens
  A curse skull (Crypt:2)
  2 ghost moths (Spider:3)
  A draconian scorcher (Abyss:3)
  A draconian stormcaller (Depths:4)
  2 ghouls
  A draconian shifter (Abyss:3)
  27 stone giants
  5 deep elf elementalists (Elf:3)
  3 draconian annihilators (Pan)
  2 bennus (Tomb:1)
  6 emperor scorpions
  6 war gargoyles
  8 ironheart preservers
  19 very ugly things
  2 spriggan defenders (Depths:4)
  A caustic shrike skeleton (Depths:4)
  A juggernaut skeleton (Vaults:2)
  5 reapers
  2 corrupters (Pan)
  6 vampire knights
  A black sun (Pan)
  2 deep elf demonologists (Elf:3)
  11 deep elf annihilators
  3 lorocyprocas
  A black draconian (Depths:5)
  12 spark wasps
  4 purple draconians (Depths:5)
  3 white draconians
  An entropy weaver (Spider:3)
  A yellow draconian (Depths:5)
  5 blizzard demons (Pan)
  2 dire elephants
  6 merfolk javelineers
  8 deep elf death magi
  Snorg (D:12)
  5 mummy priests
  8 death oozes
  5 ettins
  2 green deaths (Pan)
  Josephine (D:10)
  8 merfolk impalers
  Urug (D:12)
  2 jiangshi (Crypt:2)
  11 fire dragons
  12 yaktaur captains
  8 great orbs of eyes
  8 rakshasas
  A hydra (shapeshifter) (Vaults:3)
  2 deep elf high priests (Elf:3)
  13 hydras
  14 ice dragons
  6 vault guards
  6 ogre magi
  A hell beast (Depths:2)
  A juggernaut simulacrum (Depths:2)
  The ghost of Quickbrownfox the Covert, a journeyman GnAc of Okawaru (D:9)
  A catoblepas (Shoals:3)
  4 spriggan air magi
  An anaconda (shapeshifter) (Depths:3)
  8 shadow wraiths
  2 merfolk avatars
  A satyr (shapeshifter) (Depths:3)
  An alligator snapping turtle (Shoals:3)
  3 merfolk aquamancers
  2 satyrs
  11 centaur warriors
  28 two-headed ogres
  6 death knights
  14 deep troll shamans
  22 dancing weapons
  A spectral storm dragon (Depths:2)
  8 sea snakes
  2 death yaks (Shoals:3)
  12 deep troll earth magi
  A titan zombie (Depths:4)
  3 hell hogs
  7 tengu warriors (Depths:3)
  8 orc high priests
  3 vampire magi
  7 thrashing horrors (Abyss:3)
  2 storm dragon zombies (Geh:2)
  27 deep elf knights
  Nergalle (Orc)
  7 soul eaters
  7 spriggan berserkers
  A fire crab (Lair:6)
  22 deep trolls
  3 wretched stars
  6 sun demons
  36 skeletal warriors
  A spatial maelstrom (Abyss:3)
  7 sixfirhies
  A spark wasp zombie (Depths:1)
  A storm dragon skeleton (Depths:1)
  5 iron trolls
  An anaconda zombie (Geh:2)
  7 flayed ghosts
  6 glowing orange brains
  An orange crystal statue (Spider:2)
  15 hell knights
  An unseen horror (Abyss:3)
  4 shadow demons (Pan)
  A torturous demonspawn (Pan)
  5 wizards
  2 gelid demonspawn (Pan)
  6 cyclopes
  A cyclops (shapeshifter) (Elf:1)
  2 orc knights
  A tengu zombie (Vaults:2)
  12 deep elf archers
  An anaconda skeleton (Crypt:2)
  3 starcursed masses (Abyss:3)
  58 deep elf magi
  6 ironbrand convokers
  5 phantasmal warriors
  9 harpies
  A wolf spider zombie (Crypt:2)
  12 orb spiders
  3 stone giant zombies (Depths:2)
  14 wolf spiders
  12 necromancers
  A fire giant zombie (Crypt:2)
  2 salamanders
  6 shining eyes
  A shadow dragon skeleton (Geh:2)
  54 slime creatures
  3 orc sorcerers (Orc)
  20 ugly things
  8 fauns
  9 manticores
  Joseph (D:9)
  2 frost giant skeletons
  2 moths of wrath
  An elephant (shapeshifter) (Depths:3)
  8 black mambas
  3 centaur zombies
  2 iron dragon skeletons
  2 spectral centaurs (D:9)
  2 stone giant skeletons
  6 merfolk sirens
  An ice statue (IceCv)
  4 rust devils
  A shock serpent zombie (Abyss:3)
  A guardian serpent (shapeshifter) (Elf:1)
  21 elephants
  A dire elephant zombie (Crypt:2)
  A torpor snail (Spider:1)
  6 water nymphs
  8 vault sentinels
  8 orange demons
  7 molten gargoyles
  25 smoke demons
  2 apocalypse crabs (Abyss:3)
  5 eyes of devastation
  5 gargoyles
  6 cane toads
  2 rime drakes
  A dire elephant skeleton (Geh:2)
  13 freezing wraiths
  7 demonic crawlers
  2 kobold demonologists
  An efreet (Geh:2)
  32 yaktaurs
  An entropy weaver simulacrum (Vaults:1)
  8 hellions
  9 red devils
  3 anaconda simulacra (IceCv)
  4 ice devils (IceCv)
  6 tormentors
  7 trolls
  12 komodo dragons
  3 tengu conjurers
  3 ancient zymes (Abyss:3)
  6 guardian mummies
  A queen bee (Depths:3)
  11 hellwings (Pan)
  3 golden dragon simulacra (IceCv)
  22 merfolk
  A troll (shapeshifter) (D:11)
  A hydra zombie (Hell)
  7 wind drakes
  A raiju (shapeshifter) (Depths:3)
  Grinder (D:5)
  19 jumping spiders
  A shadow dragon simulacrum (Depths:2)
  7 hornets
  17 raiju (Abyss:3)
  A wind drake (shapeshifter) (Depths:4)
  A sphinx simulacrum (Depths:2)
  14 blink frogs
  2 harpy skeletons
  4 snapping turtles
  A fire giant simulacrum (Depths:4)
  A fire dragon zombie (Crypt:2)
  3 hydra skeletons
  11 dream sheep
  6 hippogriffs
  A deep troll zombie (Depths:1)
  An ice dragon zombie (Tomb:1)
  6 shadows
  7 centaur simulacra
  8 ynoxinuls
  30 water elementals
  An ice dragon skeleton (Geh:2)
  2 dire elephant simulacra (IceCv)
  3 spriggans
  5 flying skulls
  31 redbacks
  A redback (shapeshifter) (Depths:4)
  4 wyverns
  14 wraiths
  6 vampires (Crypt:2)
  2 air elementals
  2 ushabtiu (Tomb:1)
  A yak (shapeshifter) (Vaults:1)
  2 ettin skeletons
  11 tarantellas
  Eustachio (D:5)
  14 fire elementals
  45 yaks
  2 steam dragons (Lair:6)
  A tyrant leech zombie (Crypt:1)
  A human (D:8)
  5 basilisks
  A basilisk (shapeshifter) (Abyss:3)
  21 golden eyes
  7 neqoxecs
  A human (shapeshifter) (D:11)
  12 small abominations
  2 hungry ghosts
  2 harpy simulacra (IceCv)
  3 wargs (Orc)
  8 chaos spawn
  An iron troll simulacrum (IceCv)
  3 cane toad zombies
  A spatial vortex (Abyss:3)
  10 crocodiles
  Duvessa (D:4)
  4 hydra simulacra (IceCv)
  13 large abominations
  6 water moccasins
  5 porcupines
  14 hell hounds
  2 floating eyes
  25 orc warriors
  4 ice beasts
  A black bear (D:10)
  12 eyes of draining
  A necrophage (D:9)
  2 phantoms
  6 sky beasts
  6 boggarts
  18 centaurs
  15 wolves
  An ettin simulacrum (Depths:1)
  21 ogres
  A manticore skeleton (Pan)
  3 big kobolds
  20 bullfrogs
  3 earth elementals (Elf:3)
  A gnoll sergeant (D:11)
  Dowan (D:4)
  A hornet simulacrum (D:9)
  6 scorpions
  19 killer bees (Depths:3)
  An elephant simulacrum (IceCv)
  3 human simulacra
  14 wights
  A howler monkey (shapeshifter) (Depths:3)
  A howler monkey (D:10)
  8 electric eels
  4 crimson imps
  5 lava snakes (Lair:6)
  A bullfrog zombie (D:8)
  5 draconian simulacra (IceCv)
  2 quasits
  A human zombie (Crypt:2)
  A demonspawn zombie (Crypt:1)
  5 jellies
  29 orc priests
  6 hounds
  A bullfrog skeleton (D:8)
  6 centaur skeletons
  11 orc wizards
  Crazy Yiuf (D:5)
  An iguana (D:6)
  7 worker ants
  3 polar bear simulacra (IceCv)
  2 spriggan simulacra
  2 wolf simulacra (IceCv)
  3 troll simulacra (IceCv)
  A killer bee zombie (D:8)
  2 naga zombies
  A demigod zombie (Crypt:1)
  8 mummies
  Robin (D:3)
  11 gnolls
  3 worker ant zombies
  9 adders
  3 naga simulacra (IceCv)
  6 shadow imps
  9 white imps
  4 ufetubi (IceCv)
  9 oozes
  3 adder skeletons
  An iguana skeleton (Crypt:1)
  A worm (D:1)
  A dart slug (D:1)
  4 leopard geckos
  86 orcs
  6 ball pythons
  3 giant cockroaches
  25 goblins
  19 hobgoblins
  9 jackals
  4 quokkas
  7 bats
  2 frilled lizards
  A frilled lizard skeleton (Crypt:1)
  A giant cockroach zombie (Crypt:1)
  23 kobolds
  11 rats
  2 butterflies (Lair:3)
  3 fire vortices
  A fungus (D:9)
  A lurking horror (Abyss:3)
  A macabre mass (Abyss:3)
  A starspawn tentacle (Abyss:3)
2310 creatures vanquished.

Vanquished Creatures (collateral kills)
  A juggernaut (Depths:4)
  3 Brimstone Fiends
  A shadow dragon (Hell)
  A balrug (Pan)
  A reaper (Hell)
  3 hell hogs (Hell)
  A sun demon (Geh:2)
  4 hell knights
  4 skeletal warriors (Hell)
  A necromancer (Geh:2)
  A fire giant zombie (Geh:2)
  2 rust devils (Hell)
  2 efreet (Pan)
  2 fire elementals (Hell)
  3 hell hounds
  2 wights (Geh:2)
32 creatures vanquished.

Vanquished Creatures (others)
  9 eldritch tentacles
  An ettin (Vaults:3)
  17 death scarabs (Tomb:2)
  A hell hog (Hell)
  A hell knight (Crypt:2)
  A deep elf archer (Vaults:2)
  A deep elf mage (Elf:2)
  A guardian mummy (Tomb:2)
  3 flying skulls (Tomb:2)
  A cane toad simulacrum (Hell)
  3 wights (Geh:2)
  3 mummies (Tomb:2)
  2 white imps (IceCv)
  2 ufetubi (IceCv)
  78 fungi
  26 plants
  11 starspawn tentacles
161 creatures vanquished.

Grand Total: 2503 creatures vanquished

Notes
Turn   | Place    | Note
-------+----------+-------------------------------------------
     0 | D:1      | MisterOstroum the Spriggan Fire Elementalist began the
                  | quest for the Orb.
     0 | D:1      | Reached XP level 1. HP: 9/9 MP: 5/5
   120 | D:1      | Reached XP level 2. HP: 12/13 MP: 1/6
   432 | D:1      | Reached XP level 3. HP: 16/16 MP: 6/8
   532 | D:1      | Learned a level 3 spell: Conjure Flame
  1080 | D:2      | Got a smoking golden ring
  1082 | D:2      | Identified the ring of Heum {Fire Str+3} (You found it on
                  | level 2 of the Dungeon)
  1294 | D:2      | Reached XP level 4. HP: 18/21 MP: 3/9
  1531 | D:2      | Reached skill level 1 in Short Blades
  1827 | D:3      | Noticed an ogre
  1902 | D:3      | Killed an ogre
  1902 | D:3      | Reached skill level 4 in Stealth
  1902 | D:3      | Reached skill level 5 in Fire Magic
  1902 | D:3      | Reached XP level 5. HP: 23/24 MP: 0/11
  1977 | D:3      | Noticed Robin
  2057 | D:3      | Killed Robin
  2163 | D:3      | Found a glowing silver altar of Zin.
  2207 | D:3      | Reached skill level 5 in Stealth
  2310 | D:3      | Learned a level 4 spell: Sticky Flame
  2313 | D:3      | Learned a level 2 spell: Flaming Arrows
  2319 | D:3      | Reached XP level 6. HP: 28/28 MP: 6/13
  2697 | D:4      | Found a transporter.
  2710 | D:4      | Noticed a sky beast
  2723 | D:4      | Killed a sky beast
  2723 | D:4      | Reached skill level 5 in Spellcasting
  2723 | D:4      | Reached XP level 7. HP: 32/32 MP: 10/15
  2730 | D:4      | Learned a level 5 spell: Fireball
  2755 | D:4      | Found a staircase to the Ecumenical Temple.
  2773 | D:4      | Noticed Duvessa
  2789 | Temple   | Entered the Ecumenical Temple
  3030 | Temple   | Became a worshipper of Warmaster Okawaru
  3064 | D:4      | Noticed Dowan
  3184 | D:4      | Killed Duvessa
  3184 | D:4      | Reached skill level 1 in Slings
  3197 | D:4      | Killed Dowan
  3264 | D:4      | Found Bozesono's Weapon Emporium.
  3308 | D:4      | Found an iron altar of Okawaru.
  3372 | D:4      | Found a basalt altar of Yredelemnul.
  3373 | D:4      | Found a transporter.
  3376 | D:4      | Noticed Menkaure
  3383 | D:4      | Found an ancient bone altar of Kikubaaqudgha.
  3508 | D:4      | Reached * piety under Okawaru
  3651 | D:5      | Entered Level 5 of the Dungeon
  3709 | D:5      | Found a runed door.
  3839 | D:5      | Noticed Eustachio
  3848 | D:5      | Killed Eustachio
  3848 | D:5      | Reached skill level 1 in Invocations
  3976 | D:5      | Reached XP level 8. HP: 31/36 MP: 16/16
  4038 | D:5      | Noticed Grinder
  4052 | D:5      | Killed Grinder
  4052 | D:5      | Reached skill level 1 in Fighting
  4208 | D:5      | Noticed a centaur warrior
  4219 | D:5      | Killed a centaur warrior
  4219 | D:5      | Reached ** piety under Okawaru
  4219 | D:5      | Reached skill level 7 in Stealth
  4220 | D:5      | Reached *** piety under Okawaru
  4395 | D:5      | Reached XP level 9. HP: 44/44 MP: 17/17
  4462 | D:5      | Reached skill level 8 in Stealth
  4749 | D:5      | Noticed Crazy Yiuf
  4754 | D:5      | Killed Crazy Yiuf
  5183 | D:6      | Found Zuwniteczo's Distillery.
  5267 | D:6      | Bought a potion of degeneration for 13 gold pieces
  5267 | D:6      | Bought a potion of curing for 32 gold pieces
  5357 | D:6      | Reached skill level 9 in Stealth
  5790 | D:6      | Reached **** piety under Okawaru
  5895 | D:7      | Reached skill level 5 in Slings
  6274 | D:7      | Noticed a troll
  6280 | D:7      | Learned a level 3 spell: Inner Flame
  6318 | D:7      | Killed a troll
  6318 | D:7      | Reached skill level 10 in Stealth
  6414 | D:7      | Got a smoking long sword
  6417 | D:7      | Identified the cursed +1 long sword of Quyness {pain, rF+++
                  | Dex-3 Stlth+} (You found it on level 7 of the Dungeon)
  6568 | D:7      | Reached skill level 1 in Shields
  6708 | D:7      | Found a sparkling altar of Nemelex Xobeh.
  6708 | D:7      | Found a blossoming altar of Fedhas.
  6708 | D:7      | Found a shimmering altar of Xom.
  6708 | D:7      | Found a bloodstained altar of Trog.
  6716 | D:7      | Found a white marble altar of Elyvilon.
  6720 | D:7      | Found a corrupted altar of Lugonu.
  6920 | D:8      | Reached XP level 10. HP: 46/51 MP: 2/18
  6962 | D:8      | Got a flickering diamond amulet
  6963 | D:8      | Identified the cursed amulet of the Jester {Spirit rElec}
                  | (You found it on level 8 of the Dungeon)
  7092 | D:8      | Received a gift from Okawaru
  7140 | D:8      | Noticed a two-headed ogre
  7166 | D:8      | Killed a two-headed ogre
  7166 | D:8      | Reached skill level 5 in Fighting
  7458 | D:8      | Received a gift from Okawaru
  7990 | D:9      | Reached ***** piety under Okawaru
  8014 | D:9      | Noticed Joseph
  8306 | D:9      | Received a gift from Okawaru
  8557 | D:9      | Noticed Gastronok
  8580 | D:9      | Killed Gastronok
  8580 | D:9      | Received a gift from Okawaru
  8580 | D:9      | Reached skill level 10 in Charms
  8580 | D:9      | Reached XP level 11. HP: 58/58 MP: 1/19
  8581 | D:9      | Got an ichor-stained robe {god gift}
  8595 | D:9      | Identified the +0 robe "Uteakh" {rF+ Int+4} (Okawaru gifted
                  | it to you on level 9 of the Dungeon)
  8806 | D:9      | Found a staircase to the Lair.
  8863 | D:9      | Killed Joseph
  9295 | D:9      | Found a runed translucent gate.
  9295 | D:9      | Found a runed translucent gate.
  9297 | D:9      | Found a runed translucent gate.
  9355 | D:9      | Found the +9 staff of Wucad Mu {channel}
  9355 | D:9      | Noticed Quickbrownfox's ghost (journeyman GnAc)
  9493 | D:9      | Noticed a cyclops
 10027 | Lair:1   | Entered Level 1 of the Lair of Beasts
 10029 | Lair:1   | Noticed Harold
 10215 | Lair:1   | Found a glowing golden altar of the Shining One.
 10545 | Lair:2   | Found a hole to the Spider Nest.
 10576 | Lair:2   | Noticed a seven-headed hydra
 10581 | Lair:2   | Killed a seven-headed hydra
 10582 | Lair:2   | Reached skill level 5 in Dodging
 10587 | Lair:2   | Reached skill level 5 in Invocations
 10617 | Lair:2   | Reached ****** piety under Okawaru
 10743 | Lair:2   | Reached XP level 12. HP: 63/63 MP: 4/20
 10751 | Lair:2   | Received a gift from Okawaru
 11610 | Lair:3   | Noticed a six-headed hydra
 11614 | Lair:3   | Killed a six-headed hydra
 12091 | Lair:3   | Received a gift from Okawaru
 12472 | Lair:4   | Received a gift from Okawaru
 12521 | Lair:4   | Noticed a five-headed hydra
 12525 | Lair:4   | Killed a five-headed hydra
 12532 | Lair:4   | Found a staircase to the Shoals.
 12601 | Lair:4   | Received a gift from Okawaru
 12601 | Lair:4   | Reached skill level 5 in Evocations
 12710 | Lair:4   | Noticed a five-headed hydra
 12720 | Lair:4   | Killed a five-headed hydra
 12935 | Lair:4   | Noticed a five-headed hydra
 12951 | Lair:4   | Reached XP level 13. HP: 44/67 MP: 0/27
 13036 | Lair:4   | Reached skill level 10 in Spellcasting
 13543 | Lair:4   | Noticed a dire elephant
 13593 | Lair:4   | Killed a dire elephant
 13725 | Lair:4   | Reached skill level 10 in Dodging
 14447 | Lair:5   | Found a viscous altar of Jiyva.
 14447 | Lair:5   | Found a staircase to the Slime Pits.
 15387 | D:10     | Entered Level 10 of the Dungeon
 15387 | D:10     | Found a white marble altar of Elyvilon.
 15387 | D:10     | Noticed Josephine
 15489 | D:10     | Found Gawn's Gadget Shop.
 15492 | D:10     | Bought a wand of acid (5) for 192 gold pieces
 15525 | D:10     | Found a flagged portal.
 15541 | D:10     | Received a gift from Okawaru
 15564 | Bailey   | Entered a bailey
 15624 | Bailey   | Found an iron altar of Okawaru.
 15861 | Bailey   | Received a gift from Okawaru
 16364 | Bailey   | Identified the ring "Deproe" {rCorr MP+9 Dex+3} (You
                  | acquired it in a bailey)
 17108 | D:10     | Killed Josephine
 17255 | D:11     | Reached XP level 14. HP: 63/74 MP: 28/31
 17537 | D:11     | Received a gift from Okawaru
 17582 | D:11     | Found Okhatrun's Food Shoppe.
 17678 | D:11     | Reached skill level 10 in Slings
 17868 | D:11     | Found a sparkling altar of Nemelex Xobeh.
 17935 | D:11     | Found a staircase to the Orcish Mines.
 18112 | D:12     | Entered Level 12 of the Dungeon
 18115 | D:12     | Received a gift from Okawaru
 18124 | D:12     | Got a slimy hunting sling {god gift}
 18125 | D:12     | Identified the +1 hunting sling "Gaklum" {freeze, *Slow
                  | +Blink rElec} (Okawaru gifted it to you on level 12 of the
                  | Dungeon)
 18139 | D:12     | Found a shimmering altar of Xom.
 18393 | D:12     | Received a gift from Okawaru
 18488 | D:12     | Noticed Snorg
 18522 | D:12     | Killed Snorg
 18762 | D:12     | Noticed Urug
 18771 | D:12     | Killed Urug
 18952 | D:12     | Found a staircase to the Depths.
 19401 | Lair:6   | Entered Level 6 of the Lair of Beasts
 19411 | Lair:6   | Received a gift from Okawaru
 19798 | Lair:6   | Identified the +2 buckler of Xaphak {rPois rF+++ MP+9
                  | Dex-2} (You found it on level 6 of the Lair of Beasts)
 20433 | Lair:6   | Reached XP level 15. HP: 75/79 MP: 32/32
 20442 | Lair:6   | Found a large runed door.
 20443 | Lair:6   | Found a large runed door.
 21164 | Orc      | Entered the Orcish Mines
 21246 | Orc      | Received a gift from Okawaru
 21279 | Orc      | Found a staircase to the Elven Halls.
 21388 | Orc      | Noticed Nergalle
 21394 | Orc      | Killed Nergalle
 21594 | Orc      | Found Ympoif's Weapon Emporium.
 21594 | Orc      | Found Vaojim's Food Shop.
 21603 | Orc      | Found a roughly hewn altar of Beogh.
 21685 | Orc      | Found Catetaqo's Book Emporium.
 21706 | Orc      | Noticed Donald
 21722 | Orc      | Killed Donald
 21896 | Orc      | Found Ywuaselo's Weapon Emporium.
 22029 | Orc      | Found Jokuaf's Gadget Shop.
 22605 | Spider:1 | Entered Level 1 of the Spider Nest
 22732 | Spider:1 | Reached skill level 10 in Evocations
 22793 | Spider:1 | Received a gift from Okawaru
 23002 | Spider:1 | Noticed Nikola
 23041 | Spider:2 | Reached skill level 11 in Stealth
 23047 | Spider:2 | Reached skill level 10 in Fighting
 23197 | Spider:2 | Received a gift from Okawaru
 23206 | Spider:2 | Got a tattered robe {god gift}
 23222 | Spider:2 | Identified the +0 robe of Inference {rElec rPois Slay+5}
                  | (Okawaru gifted it to you on level 2 of the Spider Nest)
 24552 | Spider:1 | Reached skill level 12 in Stealth
 25142 | Spider:1 | Killed Nikola
 25142 | Spider:1 | Reached skill level 13 in Stealth
 25407 | Shoals:1 | Entered Level 1 of the Shoals
 25492 | Shoals:1 | Reached XP level 16. HP: 85/85 MP: 33/33
 25725 | Shoals:1 | Noticed Roxanne
 25864 | Shoals:1 | Received a gift from Okawaru
 25894 | Shoals:1 | Reached skill level 14 in Stealth
 26139 | Shoals:1 | Noticed Aizul
 26186 | Shoals:1 | Killed Aizul
 26656 | D:11     | Found a gate to the Vaults.
 26668 | D:11     | Identified the amulet of Zeliur {Faith Int+3} (You acquired
                  | it on level 11 of the Dungeon)
 26686 | Vaults:1 | Entered Level 1 of the Vaults
 26696 | Vaults:1 | Found a staircase to the Crypt.
 26889 | Vaults:1 | Reached skill level 5 in Short Blades
 26896 | Vaults:1 | Reached skill level 15 in Stealth
 27033 | Vaults:1 | Received a gift from Okawaru
 27040 | Vaults:1 | Got a smoking robe {god gift}
 27052 | Vaults:1 | Identified the +1 robe of the Apprentice {+Fly MR++ rCorr
                  | Dex-3} (Okawaru gifted it to you on level 1 of the Vaults)
 27113 | Vaults:1 | Found Fuucvytho's Book Emporium.
 27121 | Vaults:1 | Bought a book of Cantrips for 280 gold pieces
 27121 | Vaults:1 | Bought a book of the Warp for 1260 gold pieces
 27125 | Vaults:1 | Learned a level 3 spell: Portal Projectile
 27126 | Vaults:1 | Found Lopeffo's Weapon Boutique.
 27261 | Vaults:1 | Reached skill level 1 in Translocations
 27292 | Vaults:1 | Found a runed translucent door.
 27292 | Vaults:1 | Found a shimmering altar of Xom.
 27292 | Vaults:1 | Identified the +8 quarterstaff of Quantum Leap {chaos, rF+
                  | rN+ Str-3 Int+2}
 27292 | Vaults:1 | Noticed Gogs's ghost (adept KoBe)
 27315 | Vaults:1 | Found Emoeru's General Store.
 27367 | Vaults:1 | Bought a potion of curing for 50 gold pieces
 27367 | Vaults:1 | Bought a scroll of teleportation for 60 gold pieces
 27454 | Vaults:1 | Reached skill level 16 in Stealth
 27797 | Vaults:1 | Reached skill level 5 in Translocations
 28180 | Vaults:1 | Reached skill level 17 in Stealth
 28180 | Vaults:1 | Reached skill level 5 in Shields
 28187 | Vaults:1 | Received a gift from Okawaru
 28476 | Vaults:1 | Found Wavaib's Distillery.
 28486 | Vaults:1 | Bought a potion of agility for 60 gold pieces
 28486 | Vaults:1 | Bought a potion of brilliance for 60 gold pieces
 28486 | Vaults:1 | Bought a potion of curing for 37 gold pieces
 28486 | Vaults:1 | Bought a potion of brilliance for 60 gold pieces
 28486 | Vaults:1 | Bought a potion of heal wounds for 75 gold pieces
 28486 | Vaults:1 | Bought 2 potions of curing for 75 gold pieces
 28486 | Vaults:1 | Bought 2 potions of lignification for 90 gold pieces
 28571 | Vaults:1 | Received a gift from Okawaru
 28652 | Vaults:1 | Reached XP level 17. HP: 89/89 MP: 34/34
 28961 | Vaults:1 | Received a gift from Okawaru
 29202 | Vaults:2 | Received a gift from Okawaru
 29313 | Vaults:2 | Received a gift from Okawaru
 29515 | Vaults:2 | Received a gift from Okawaru
 29526 | Vaults:2 | Noticed a tentacled monstrosity
 29548 | Vaults:2 | Killed a tentacled monstrosity
 29548 | Vaults:2 | Received a gift from Okawaru
 29750 | Vaults:2 | Reached skill level 18 in Stealth
 29922 | Vaults:2 | Found a gateway to a bazaar.
 29975 | Bazaar   | Entered a bazaar
 29975 | Bazaar   | Found Taerump's Antique Weapon Shop.
 29975 | Bazaar   | Found Itaumes's Food Shoppe.
 29981 | Bazaar   | Found Wenangos's Assorted Antiques.
 29992 | Bazaar   | Found Hutirhov's Magic Scroll Emporium.
 30054 | Bazaar   | Bought a scroll of teleportation for 63 gold pieces
 30054 | Bazaar   | Bought a potion of curing for 52 gold pieces
 30054 | Bazaar   | Bought a potion of curing for 52 gold pieces
 30066 | Bazaar   | Bought a scroll of fear for 45 gold pieces
 30066 | Bazaar   | Bought a scroll of magic mapping for 31 gold pieces
 30091 | Bazaar   | Bought a ration for 40 gold pieces
 30091 | Bazaar   | Bought a ration for 40 gold pieces
 30091 | Bazaar   | Bought a ration for 40 gold pieces
 30091 | Bazaar   | Bought a ration for 40 gold pieces
 30091 | Bazaar   | Bought a ration for 40 gold pieces
 30091 | Bazaar   | Bought a ration for 40 gold pieces
 30487 | Vaults:2 | Received a gift from Okawaru
 30497 | Vaults:2 | Got a slimy buckler {god gift}
 30500 | Vaults:2 | Identified the +1 buckler of the Soldier {MR+} (Okawaru
                  | gifted it to you on level 2 of the Vaults)
 30588 | Vaults:2 | Reached skill level 10 in Translocations
 31336 | Vaults:2 | Learned a level 7 spell: Controlled Blink
 31343 | Vaults:2 | Learned a level 6 spell: Dispersal
 32059 | D:9      | Killed Quickbrownfox's ghost
 32059 | D:9      | Reached skill level 19 in Stealth
 32130 | D:9      | Learned a level 1 spell: Infusion
 32236 | Spider:3 | Entered Level 3 of the Spider Nest
 32296 | Spider:3 | Learned a level 1 spell: Apportation
 32301 | Spider:3 | Learned a level 4 spell: Force Lance
 32464 | Spider:3 | Noticed Arachne
 32505 | Spider:3 | Found a frozen archway.
 32513 | IceCv    | Entered an ice cave
 33283 | IceCv    | Noticed an Ice Fiend
 33306 | IceCv    | Killed an Ice Fiend
 33306 | IceCv    | Reached XP level 18. HP: 56/93 MP: 26/35
 33834 | Spider:3 | Killed Arachne
 33834 | Spider:3 | Received a gift from Okawaru
 34064 | Spider:3 | Reached skill level 10 in Short Blades
 34254 | Spider:3 | Received a gift from Okawaru
 34402 | Spider:3 | Received a gift from Okawaru
 34512 | Spider:3 | Got a gossamer rune of Zot
 34611 | Spider:1 | Upgraded the game from bcrawl-1.27.7 to bcrawl-1.27.8b
 34618 | Spider:1 | Learned a level 6 spell: Deflect Missiles
 35049 | Shoals:2 | Reached skill level 1 in Air Magic
 35067 | Shoals:2 | Found Zaugg's Magic Scroll Boutique.
 35454 | Shoals:2 | Identified the +2 animal skin of Feasting {rF+} (Okawaru
                  | gifted it to you on level 2 of the Shoals)
 35454 | Shoals:2 | Received a gift from Okawaru
 35600 | Shoals:2 | Noticed Ilsuiw
 35648 | Shoals:2 | Killed Ilsuiw
 35733 | Shoals:2 | Reached skill level 5 in Air Magic
 35858 | Shoals:3 | Entered Level 3 of the Shoals
 36716 | Shoals:3 | Noticed Polyphemus
 36920 | Shoals:3 | Reached skill level 1 in Armour
 36999 | Shoals:3 | Killed Polyphemus
 37306 | Shoals:3 | Received a gift from Okawaru
 37427 | Shoals:3 | Reached XP level 19. HP: 98/98 MP: 36/36
 37577 | Shoals:3 | Got a barnacled rune of Zot
 37905 | Crypt:1  | Entered Level 1 of the Crypt
 38031 | Crypt:1  | Noticed Jory
 38092 | Crypt:1  | Killed Jory
 38310 | Crypt:1  | Identified the +1 cloak of Hyjo {+Inv rN+ Dex+2} (Okawaru
                  | gifted it to you on level 1 of the Crypt)
 38310 | Crypt:1  | Received a gift from Okawaru
 38776 | Crypt:1  | Reached skill level 5 in Armour
 39556 | Crypt:2  | Entered Level 2 of the Crypt
 40021 | Crypt:2  | Noticed a bone dragon
 40182 | Crypt:2  | Killed a bone dragon
 40357 | Crypt:2  | Reached skill level 15 in Charms
 41160 | Crypt:2  | Received a gift from Okawaru
 41387 | Crypt:2  | Identified the ring "Daref" {rN+ Dex+3}
 41387 | Crypt:2  | Identified the ring of Anarchy {rElec rPois rN+ Dex+3
                  | Stlth-}
 41493 | Crypt:2  | Received a gift from Okawaru
 41511 | Crypt:2  | Found an ancient bone altar of Kikubaaqudgha.
 41513 | Crypt:2  | Noticed an ancient lich
 41608 | Crypt:2  | Killed an ancient lich
 41608 | Crypt:2  | Received a gift from Okawaru
 41796 | Crypt:2  | Noticed an ancient lich
 42155 | Crypt:2  | Killed an ancient lich
 42155 | Crypt:2  | Received a gift from Okawaru
 42155 | Crypt:2  | Reached skill level 15 in Dodging
 42269 | Crypt:2  | Identified the Guide on Dark Rites
 42445 | Crypt:2  | Found a staircase to the Tomb.
 43211 | Tomb:1   | Entered Level 1 of the Tomb of the Ancients
 43375 | Tomb:1   | Reached XP level 20. HP: 96/104 MP: 31/37
 44242 | Tomb:1   | Identified the +6 short sword of the Countless Wonders
                  | {pierce, Int-3 Dex+8} (Okawaru gifted it to you on level 1
                  | of the Tomb of the Ancients)
 44242 | Tomb:1   | Received a gift from Okawaru
 44403 | Tomb:1   | Noticed a greater mummy
 45560 | Elf:1    | Entered Level 1 of the Elven Halls
 45584 | Elf:1    | Found Nipsiad's Assorted Antiques.
 45647 | Elf:1    | Identified the ring "Uxzi" {Ice Dex+4}
 45809 | Vaults:1 | Killed Gogs's ghost
 45810 | Vaults:1 | Identified the amulet "Coucs" {RegenMP Int+2} (You found it
                  | on level 1 of the Vaults)
 46073 | Elf:1    | Found Citywne's General Store.
 46082 | Elf:1    | Bought a scroll of enchant weapon for 127 gold pieces
 46082 | Elf:1    | Bought a scroll of enchant weapon for 127 gold pieces
 46082 | Elf:1    | Bought a potion of mutation for 136 gold pieces
 46222 | Elf:1    | Noticed Jorgrun
 46249 | Elf:1    | Killed Jorgrun
 46401 | Elf:1    | Found Nousulag's Antique Armour Boutique.
 46461 | Elf:1    | Found Meuqoff's Antique Armour Emporium.
 46494 | Elf:1    | Received a gift from Okawaru
 47075 | Elf:1    | Identified the cursed amulet "Cokirua" {Inacc *Corrode +Inv
                  | rN+}
 47247 | Elf:1    | Found Osocsuot's Food Emporium.
 47445 | Elf:2    | Found a huge runed gate.
 47445 | Elf:2    | Found a huge runed gate.
 47446 | Elf:2    | Found a huge runed gate.
 47446 | Elf:2    | Found a huge runed gate.
 47446 | Elf:2    | Found a huge runed gate.
 47943 | Elf:2    | Found Cuedorre's General Store.
 47950 | Elf:2    | Bought a scroll of blinking for 142 gold pieces
 47950 | Elf:2    | Bought a potion of resistance for 190 gold pieces
 47967 | Elf:2    | Received a gift from Okawaru
 48692 | Elf:2    | Received a gift from Okawaru
 49546 | Elf:3    | Entered Level 3 of the Elven Halls
 50319 | Elf:3    | Reached XP level 21. HP: 107/107 MP: 38/38
 51043 | Slime:1  | Entered Level 1 of the Pits of Slime
 51190 | Slime:3  | You fall into a shaft and drop 1 floor!
 51693 | Slime:4  | Reached skill level 15 in Translocations
 52067 | Slime:5  | Entered Level 5 of the Pits of Slime
 52312 | Slime:5  | Identified the +10 hunting sling of Peace {flame, +Blink
                  | rC- Str+2} (Okawaru gifted it to you on level 5 of the Pits
                  | of Slime)
 52312 | Slime:5  | Received a gift from Okawaru
 52502 | Slime:5  | Found a viscous altar of Jiyva.
 52525 | Slime:5  | Noticed the Royal Jelly
 52543 | Slime:5  | Killed the Royal Jelly
 52543 | Slime:5  | Received a gift from Okawaru
 52583 | Slime:5  | Got a slimy rune of Zot
 52608 | Slime:5  | Identified the amulet of Wenepi {Faith Str+4 Int+4}
 52638 | Slime:5  | Identified the ring of Vaamakk {Wiz Int+6}
 52746 | Slime:5  | Identified the +6 hand crossbow "Tifepaest" {velocity, rC+
                  | rN+ Int-2}
 52758 | Slime:5  | Identified the +6 hand axe "Ampoeloc" {chop, rF+ MR+ Str+2
                  | Int+7}
 53408 | Tomb:1   | Learned a level 5 spell: Aura of Abjuration
 53499 | Tomb:1   | Killed a greater mummy
 53499 | Tomb:1   | Reached skill level 1 in Summonings
 53637 | Tomb:1   | Identified the +7 triple crossbow of Festooned True Grit
                  | {freeze, *Slow rN++} (Okawaru gifted it to you on level 1
                  | of the Tomb of the Ancients)
 53637 | Tomb:1   | Received a gift from Okawaru
 53741 | Tomb:2   | Noticed an ancient lich
 53749 | Tomb:1   | Noticed a greater mummy
 53774 | Tomb:2   | Noticed a greater mummy
 53793 | Tomb:2   | Gained mutation: You are weak. (Str -2) [mutagenic glow]
 53950 | Tomb:2   | Lost mutation: You are weak. (Str -2) [potion of mutation]
 53950 | Tomb:2   | Gained mutation: Your spells are a little harder to cast,
                  | but a little more powerful. [potion of mutation]
 53950 | Tomb:2   | Gained mutation: Your movements are slightly less
                  | encumbered by armour. (ER -2) [potion of mutation]
 53950 | Tomb:2   | Gained mutation: Your skeleton is somewhat flexible. (Dex
                  | +3) [potion of mutation]
 54114 | Tomb:3   | Entered Level 3 of the Tomb of the Ancients
 54117 | Tomb:3   | Noticed a greater mummy
 54118 | Tomb:3   | Noticed a greater mummy
 54118 | Tomb:3   | Noticed a greater mummy
 54120 | Tomb:3   | Noticed a greater mummy
 54123 | Tomb:3   | Got a golden rune of Zot
 54548 | Vaults:1 | Cast into level 1 of the Abyss (a distortion unwield)
 54695 | Vaults:1 | Escaped the Abyss
 54848 | Vaults:1 | Cast into level 2 of the Abyss (a distortion unwield)
 55022 | Abyss:3  | Found a shattered altar of Ashenzari.
 55355 | Abyss:3  | Reached XP level 22. HP: 115/115 MP: 34/41
 55697 | Abyss:3  | Found a corrupted altar of Lugonu.
 55720 | Abyss:3  | Identified the ring "Ziahidul" {Ice Slay+3}
 55726 | Abyss:3  | Found a snail-covered altar of Cheibriados.
 55802 | Abyss:3  | Received a gift from Okawaru
 55845 | Abyss:3  | Reached skill level 15 in Slings
 55853 | Abyss:3  | Identified the +1 robe of the Sunfish {rPois rC++ rN+
                  | Str-2} (Okawaru gifted it to you on level 3 of the Abyss)
 55853 | Abyss:3  | Received a gift from Okawaru
 55886 | Abyss:3  | Found a corrupted altar of Lugonu.
 56074 | Abyss:3  | Noticed an ancient lich
 56327 | Abyss:3  | Found a corrupted altar of Lugonu.
 56498 | Abyss:3  | Gained mutation: Your body sometimes deteriorates upon
                  | taking damage. [a cacodemon]
 56628 | Abyss:3  | Gained mutation: You are occasionally teleported next to
                  | monsters. [a cacodemon]
 56639 | Abyss:3  | Paralysed by a floating eye for 4 turns
 56645 | Abyss:3  | Got an abyssal rune of Zot
 56747 | Vaults:1 | Escaped the Abyss
 56748 | Vaults:1 | Lost mutation: Your body sometimes deteriorates upon taking
                  | damage. [potion of mutation]
 56748 | Vaults:1 | Lost mutation: Your movements are slightly less encumbered
                  | by armour. (ER -2) [potion of mutation]
 56748 | Vaults:1 | Gained mutation: You are dopey. (Int -2) [potion of
                  | mutation]
 56748 | Vaults:1 | Gained mutation: Potions are less effective at restoring
                  | your health. [potion of mutation]
 56748 | Vaults:1 | Lost mutation: Your spells are a little harder to cast, but
                  | a little more powerful. [potion of mutation]
 56748 | Vaults:1 | Gained mutation: You have large cloven feet. [potion of
                  | mutation]
 56749 | Vaults:1 | Lost mutation: Potions are less effective at restoring your
                  | health. [potion of mutation]
 56749 | Vaults:1 | Lost mutation: You are occasionally teleported next to
                  | monsters. [potion of mutation]
 56749 | Vaults:1 | Gained mutation: You have a beak for a mouth. [potion of
                  | mutation]
 57119 | Shoals:2 | Bought a scroll of enchant armour for 97 gold pieces
 57119 | Shoals:2 | Bought a scroll of teleportation for 39 gold pieces
 57119 | Shoals:2 | Bought a scroll of fog for 26 gold pieces
 57119 | Shoals:2 | Bought a scroll of enchant armour for 97 gold pieces
 57119 | Shoals:2 | Bought a scroll of fog for 26 gold pieces
 57519 | Vaults:3 | Entered Level 3 of the Vaults
 57541 | Vaults:3 | Noticed an ancient lich
 57550 | Vaults:3 | Noticed Bai Suzhen
 57566 | Vaults:3 | Killed an ancient lich
 57676 | Vaults:3 | Got a silver rune of Zot
 57727 | Vaults:3 | Identified the +6 great sword "Sose" {freeze, Int+8}
 57740 | Vaults:3 | Reached skill level 15 in Spellcasting
 57806 | Vaults:3 | Identified the +1 leather armour of Going Fast {rCorr}
 57808 | Vaults:3 | Noticed Saint Roka
 57838 | Vaults:3 | Identified the +4 morningstar of Epodomonk {flame, rN++
                  | Str+3 Stlth+}
 58589 | Depths:1 | Entered Level 1 of the Depths
 58623 | Depths:1 | Reached skill level 5 in Summonings
 58685 | Depths:1 | Received a gift from Okawaru
 58934 | Depths:1 | Found a shattered altar of Ashenzari.
 59148 | D:11     | Bought a ration for 60 gold pieces
 59148 | D:11     | Bought a ration for 60 gold pieces
 59148 | D:11     | Bought a ration for 60 gold pieces
 59148 | D:11     | Bought a ration for 60 gold pieces
 59148 | D:11     | Bought a ration for 60 gold pieces
 59148 | D:11     | Bought a ration for 60 gold pieces
 59148 | D:11     | Bought a ration for 60 gold pieces
 59148 | D:11     | Bought a ration for 60 gold pieces
 59148 | D:11     | Bought a ration for 60 gold pieces
 59148 | D:11     | Bought a ration for 60 gold pieces
 59148 | D:11     | Bought a ration for 60 gold pieces
 59148 | D:11     | Bought a ration for 60 gold pieces
 59188 | Orc      | Bought a ration for 55 gold pieces
 59188 | Orc      | Bought a ration for 55 gold pieces
 59188 | Orc      | Bought a ration for 55 gold pieces
 59188 | Orc      | Bought a ration for 55 gold pieces
 59188 | Orc      | Bought a ration for 55 gold pieces
 59188 | Orc      | Bought a ration for 55 gold pieces
 59188 | Orc      | Bought a ration for 55 gold pieces
 59188 | Orc      | Bought a ration for 55 gold pieces
 59188 | Orc      | Bought a ration for 55 gold pieces
 59349 | D:6      | Bought a potion of heal wounds for 65 gold pieces
 59349 | D:6      | Bought a potion of heal wounds for 65 gold pieces
 59349 | D:6      | Bought a potion of haste for 130 gold pieces
 59349 | D:6      | Bought a potion of experience for 650 gold pieces
 59349 | D:6      | Bought a potion of curing for 32 gold pieces
 59349 | D:6      | Bought a potion of mutation for 104 gold pieces
 59349 | D:6      | Reached XP level 23. HP: 121/121 MP: 43/43
 59537 | Elf:1    | Bought a potion of agility for 136 gold pieces
 59537 | Elf:1    | Bought a scroll of fog for 68 gold pieces
 59599 | Elf:2    | Bought a scroll of fog for 38 gold pieces
 60394 | Elf:3    | Identified the cursed ring "Zihonuic" {*Tele Int+7 Dex+2}
 60604 | Elf:3    | Identified the +1 demon trident "Aracery" {pierce, rElec
                  | Stlth+}
 60725 | Elf:3    | Learned a level 7 spell: Malign Gateway
 60755 | Elf:3    | Reached XP level 24. HP: 127/127 MP: 43/43
 60766 | Elf:3    | Identified the +8 fire dragon scales of the Orcish Mines
                  | {rF++ rC- Dex+2}
 60802 | Elf:3    | Identified The Intricacies of Spellcraft
 60837 | Elf:3    | Identified the +7 chain mail of Fedd {rCorr Slay+2}
 61052 | Depths:1 | Found Omoris's Weapon Emporium.
 61283 | Depths:1 | Received a gift from Okawaru
 61400 | Depths:1 | Found a gateway to Hell.
 61669 | Depths:1 | Received a gift from Okawaru
 62148 | Depths:2 | Noticed an ancient lich
 62337 | Depths:2 | Reached skill level 15 in Evocations
 62742 | Depths:2 | Identified the cursed +0 scale mail of the Gusle {rF+++ MR+
                  | MP-9 Str+3}
 62835 | Depths:2 | Identified the Disquisition on the Boosting Birds
 63554 | Depths:2 | Killed an ancient lich
 63554 | Depths:2 | Received a gift from Okawaru
 63736 | Depths:2 | Found a gateway to a ziggurat.
 63753 | Depths:2 | Identified the Almanac of Evil
 63973 | Depths:2 | Identified the cursed +1 quarterstaff of the Disturbing
                  | Tales {protect, +Rage}
 64142 | Depths:3 | Received a gift from Okawaru
 64143 | Depths:3 | Found the +4 serpentine sling {petrify}
 64643 | Depths:3 | Reached skill level 20 in Stealth
 64861 | Depths:3 | Found a runed door.
 64883 | Depths:3 | Noticed a Killer Klown
 64892 | Depths:3 | Killed a Killer Klown
 65200 | Depths:3 | Identified the +2 rapier of the Sage {pierce, Str+4 Dex+3}
                  | (Okawaru gifted it to you on level 3 of the Depths)
 65200 | Depths:3 | Received a gift from Okawaru
 65263 | Depths:3 | Noticed a Killer Klown
 65322 | Depths:3 | Killed a Killer Klown
 65322 | Depths:3 | Reached XP level 25. HP: 131/131 MP: 44/44
 65998 | Depths:3 | Noticed a golden dragon
 66028 | Depths:3 | Lost mutation: You have large cloven feet. [potion of
                  | mutation]
 66028 | Depths:3 | Lost mutation: You are dopey. (Int -2) [potion of mutation]
 66028 | Depths:3 | Gained mutation: Potions are less effective at restoring
                  | your health. [potion of mutation]
 66028 | Depths:3 | Gained mutation: You possess an exceptional clarity of
                  | mind. [potion of mutation]
 66028 | Depths:3 | Gained mutation: You have a pair of small antennae on your
                  | head. [potion of mutation]
 66029 | Depths:3 | Lost mutation: Your skeleton is somewhat flexible. (Dex +3)
                  | [potion of mutation]
 66029 | Depths:3 | Lost mutation: You have a pair of small antennae on your
                  | head. [potion of mutation]
 66029 | Depths:3 | Lost mutation: Potions are less effective at restoring your
                  | health. [potion of mutation]
 66029 | Depths:3 | Gained mutation: You are somewhat resistant to further
                  | mutation. [potion of mutation]
 66073 | Depths:3 | Killed a golden dragon
 66249 | Depths:3 | Found a one-way gate leading to the halls of Pandemonium.
 66265 | Depths:3 | Identified the +6 swamp dragon scales of the Pit {+Blink
                  | rPois rCorr} (Okawaru gifted it to you on level 3 of the
                  | Depths)
 66265 | Depths:3 | Received a gift from Okawaru
 66312 | Depths:3 | Found the +1 pair of gauntlets of War {Slay+6}
 66465 | Depths:3 | Identified the ring of Buusucie {Fire Dex+4}
 66471 | Depths:3 | Identified the amulet of Vonobleq {Gourm Dex+3}
 66516 | Depths:3 | Identified the Volume of Nocuous Black Secrets
 66613 | Depths:3 | Identified the +0 plate armour of the Inquisitive Wars
                  | {Int+4}
 66720 | Pan      | Entered Pandemonium
 66748 | Pan      | Noticed Uplissom the pandemonium lord
 66998 | Pan      | Noticed Ishriups the pandemonium lord
 67212 | Pan      | Noticed Mennas
 67224 | Pan      | Found an exit through the horrors of the Abyss.
 67370 | Pan      | Gained mutation: You occasionally shout uncontrollably at
                  | your foes. [a cacodemon]
 68013 | Pan      | Found an exit through the horrors of the Abyss.
 68047 | Pan      | Noticed Remniar the pandemonium lord
 68090 | Pan      | Entered the realm of Mnoleg.
 68095 | Pan      | Got a glowing rune of Zot
 68322 | Pan      | Found an exit through the horrors of the Abyss.
 68404 | Pan      | Identified the cursed +0 ring mail of the Ward {+Blink
                  | Regen+ Str+5 Int-3}
 68406 | Pan      | Found an exit through the horrors of the Abyss.
 68406 | Pan      | Noticed Mnoleg
 68409 | Pan      | Took an exit into the Abyss.
 68409 | Abyss:1  | Escaped into the Abyss
 68409 | Abyss:1  | Found a corrupted altar of Lugonu.
 68472 | Abyss:1  | Noticed an ancient lich
 68596 | Depths:3 | Escaped the Abyss
 68619 | Depths:3 | Learned a level 3 spell: Regeneration
 68625 | Depths:3 | Learned a level 5 spell: Summon Forest
 68899 | Orc      | Bought a book of Changes for 325 gold pieces
 68904 | Orc      | Learned a level 4 spell: Yara's Violent Unravelling
 68904 | Orc      | Bought a manual of Throwing for 1435 gold pieces
 69055 | Depths:3 | Learned a level 2 spell: Passwall
 69095 | Pan      | Entered Pandemonium
 69151 | Pan      | Reached skill level 1 in Hexes
 69151 | Pan      | Reached skill level 1 in Transmutations
 69341 | Pan      | Noticed Mishrili the pandemonium lord
 69344 | Pan      | Got a demonic rune of Zot
 69417 | Pan      | Found an exit through the horrors of the Abyss.
 69532 | Pan      | Entered the realm of Cerebov.
 69561 | Pan      | Identified the cursed +0 buckler of Agnosticism {Str+6}
 69847 | Pan      | Identified the +6 great sword of Calculation {holy, rN+}
 69873 | Pan      | Identified the +12 morningstar "Earthworm" {speed, rElec
                  | rPois rC- rN+}
 69933 | Pan      | Identified the ring "Ydghuxkiq" {+Blink +Fly MR+ Dex-4
                  | Stlth+}
 69961 | Pan      | Identified the +1 helmet "Uqasmoig" {Dex+4}
 69963 | Pan      | Identified the cursed +0 robe "Gistugh" {Int+6}
 70005 | Pan      | Identified the +6 sword of Cerebov {flame}
 70005 | Pan      | Noticed Cerebov
 70007 | Pan      | Received a gift from Okawaru
 70187 | Pan      | Killed Cerebov
 70187 | Pan      | Received a gift from Okawaru
 70187 | Pan      | Identified the +2 hat of Ecrestro {rF+ rN+ Int-4} (Okawaru
                  | gifted it to you in Pandemonium)
 70187 | Pan      | Received a gift from Okawaru
 70187 | Pan      | Reached skill level 5 in Hexes
 70187 | Pan      | Reached skill level 5 in Transmutations
 70205 | Pan      | Got a fiery rune of Zot
 70361 | Pan      | Identified the +1 leather armour of Nusizicw {rC+ MR+}
 70429 | Pan      | Found an exit through the horrors of the Abyss.
 70438 | Pan      | Entered the realm of Lom Lobon.
 70772 | Pan      | Noticed Lom Lobon
 70788 | Pan      | Got a magical rune of Zot
 70836 | Pan      | Entered the realm of Gloorx Vloq.
 71103 | Pan      | Reached XP level 26. HP: 126/137 MP: 42/45
 71268 | Pan      | Identified the +7 falchion of Agony {vamp, *Noise rF+
                  | Int+2}
 71302 | Pan      | Reached skill level 1 in Necromancy
 71369 | Pan      | Noticed Gloorx Vloq
 71375 | Pan      | Got a dark rune of Zot
 71576 | Pan      | Found an exit through the horrors of the Abyss.
 71582 | Pan      | Took an exit into the Abyss.
 71582 | Abyss:1  | Escaped into the Abyss
 71586 | Depths:3 | Escaped the Abyss
 71624 | Hell     | Entered the Vestibule of Hell
 71624 | Hell     | Noticed Geryon
 71648 | Hell     | Reached skill level 1 in Throwing
 71658 | Hell     | Killed Geryon
 72061 | Depths:4 | Identified the +7 scimitar "Hucuh" {slice, rPois SInv}
 72264 | Depths:4 | Found a one-way gate to the infinite horrors of the Abyss.
 72411 | Depths:4 | Reached skill level 5 in Throwing
 72414 | Depths:4 | Reached skill level 5 in Necromancy
 72494 | Depths:4 | Found a burning altar of Makhleb.
 73308 | Depths:4 | Noticed a juggernaut
 73793 | Depths:4 | Killed a juggernaut
 73793 | Depths:4 | Received a gift from Okawaru
 73793 | Depths:4 | Reached skill level 21 in Stealth
 74005 | Depths:4 | Identified the +7 flail of Foisaist {elec, *Noise Str+5}
 74026 | Depths:4 | Identified the +11 quarterstaff "Lyibaqic" {venom, *Contam
                  | rElec rC++ SInv}
 74161 | Depths:5 | Entered Level 5 of the Depths
 74517 | Depths:5 | Found a corrupted altar of Lugonu.
 74703 | Depths:5 | Noticed Sojobo
 74832 | Depths:5 | Received a gift from Okawaru
 74979 | Depths:5 | Killed Sojobo
 74979 | Depths:5 | Received a gift from Okawaru
 75213 | Depths:4 | Identified the +0 buckler of Cicane Daqo {rF+} (Okawaru
                  | gifted it to you on level 4 of the Depths)
 75213 | Depths:4 | Received a gift from Okawaru
 75394 | Depths:5 | Identified a +0 pair of boots of running
 76203 | Depths:5 | Found a gate to the Realm of Zot.
 76667 | Hell     | Noticed Murray
 76690 | Hell     | Reached XP level 27. HP: 42/144 MP: 12/46
 77223 | Hell     | Found a gateway to the decaying netherworld of Tartarus.
 77263 | Hell     | Reached skill level 22 in Stealth
 77307 | Hell     | Found a gateway to the ashen valley of Gehenna.
 77328 | Geh:1    | Entered Level 1 of Gehenna
 77356 | Geh:2    | Entered Level 2 of Gehenna
 77991 | Geh:2    | Identified the +1 rapier of Eternal Night {elec, *Drain
                  | rC++ Str+4} (Okawaru gifted it to you on level 2 of
                  | Gehenna)
 77991 | Geh:2    | Received a gift from Okawaru
 78085 | Geh:2    | Identified the +7 sceptre of Asmodeus
 78085 | Geh:2    | Noticed Asmodeus
 78092 | Geh:2    | Got an obsidian rune of Zot
 78192 | Geh:2    | HP: 6/144 [sun demon (3)]
 78233 | Geh:2    | Killed from afar by a balrug

Skill      XL: |  1  2  3  4  5  6  7  8  9 10 11 12 13 14 15 16 17 18 19 20 21 22 23 24 25 26 27 |
---------------+----------------------------------------------------------------------------------+-----
Fire Magic     | 4 5 6 7 9 |  9.0
Spellcasting   | 3 4 5 9 12 14 15 16 17 18 | 18.5
Short Blades   | 1 2 4 5 8 10 | 10.0
Stealth        | 4 5 7 10 13 17 19 20 21 22 | 22.0
Slings         | 4 5 8 9 11 12 13 14 16 | 16.0
Invocations    | 1 2 5 7 8 9 |  9.8
Fighting       | 3 4 6 7 8 9 10 11 12 13 14 | 14.9
Charms         | 6 8 10 11 12 13 15 16 18 | 18.9
Evocations     | 3 6 9 10 11 12 14 15 | 15.0
Shields        | 1 2 3 5 6 7 |  7.2
Dodging        | 5 9 11 12 13 14 15 17 19 20 21 | 21.5
Translocations | 6 10 11 12 17 20 | 20.0
Air Magic      | 7 9 |  9.1
Armour         | 3 5 |  5.8
Summonings     | 3 5 6 7 8 |  8.6
Hexes          | 5 |  5.0
Transmutations | 5 |  5.0
Necromancy     | 5 |  5.0
Throwing       | 8 9 |  9.1

Action                   |  1- 3 |  4- 6 |  7- 9 | 10-12 | 13-15 | 16-18 | 19-21 | 22-24 | 25-27 || total
-------------------------+-------+-------+-------+-------+-------+-------+-------+-------+-------++-------
Melee: Dagger            |    32 |    35 |    55 |    35 |   118 |    83 |    40 |       |       ||   398
       War axe           |       |       |       |       |       |       |    11 |       |       ||    11
       Rapier            |       |       |       |       |       |       |   380 |   294 |   247 ||   921
       Hand axe          |       |       |       |       |       |       |     3 |     1 |     8 ||    12
       Unarmed           |       |       |       |       |       |       |       |    19 |       ||    19
       Kick              |       |       |       |       |       |       |       |   103 |     4 ||   107
       Peck              |       |       |       |       |       |       |       |    75 |    85 ||   160
 Fire: Hunting sling     |       |    44 |   201 |   724 |   307 |       |    13 |    31 |       ||  1320
       Blowgun           |       |       |     5 |       |     1 |       |       |       |       ||     6
       Hand crossbow     |       |       |     2 |       |       |       |       |       |       ||     2
       Fustibalus        |       |       |       |       |  1041 |  1481 |  1538 |  1161 |  1698 ||  6919
Throw: Stone             |    16 |    30 |       |     7 |       |       |       |       |       ||    53
       Tomahawk          |       |       |       |       |     4 |     3 |       |       |       ||     7
       Throwing net      |       |       |       |       |       |     1 |     8 |     1 |       ||    10
 Cast: Flame Tongue      |    58 |    66 |     3 |    27 |    16 |    26 |       |       |       ||   196
       Conjure Flame     |     1 |     2 |    11 |    17 |    10 |    12 |     9 |     3 |     1 ||    66
       Flaming Arrows    |       |     1 |    10 |    20 |    67 |    93 |    85 |    65 |    75 ||   416
       Sticky Flame      |       |       |    17 |    20 |     7 |     4 |       |       |       ||    48
       Inner Flame       |       |       |     2 |     1 |     1 |     1 |     3 |     1 |       ||     9
       Portal Projectile |       |       |       |       |       |    20 |    24 |     9 |     8 ||    61
       Infusion          |       |       |       |       |       |     1 |    24 |    16 |    14 ||    55
       Dispersal         |       |       |       |       |       |     1 |     6 |     1 |       ||     8
       Deflect Missiles  |       |       |       |       |       |     1 |     1 |     1 |     1 ||     4
       Force Lance       |       |       |       |       |       |       |    15 |     7 |     2 ||    24
       Controlled Blink  |       |       |       |       |       |       |    15 |    11 |    49 ||    75
       Apportation       |       |       |       |       |       |       |     1 |    13 |    34 ||    48
       Aura of Abjuratio |       |       |       |       |       |       |       |    11 |    11 ||    22
       Regeneration      |       |       |       |       |       |       |       |       |    16 ||    16
       Malign Gateway    |       |       |       |       |       |       |       |       |     8 ||     8
       Yara's Violent Un |       |       |       |       |       |       |       |       |     6 ||     6
       Summon Forest     |       |       |       |       |       |       |       |       |     3 ||     3
Invok: Heroism           |       |       |     2 |     5 |    29 |    29 |    39 |    16 |    38 ||   158
       Finesse           |       |       |       |     1 |     2 |     3 |     4 |     1 |     4 ||    15
 Abil: Evoke Invisibilit |       |       |       |       |       |    10 |    10 |     3 |     7 ||    30
       Cancel Portal Pro |       |       |       |       |       |     2 |     6 |       |     2 ||    10
       Evoke Blink       |       |       |       |       |       |     2 |     1 |       |       ||     3
Evoke: Wand              |       |       |     2 |       |     7 |    28 |    23 |    19 |    53 ||   132
       Phantom mirror    |       |       |       |       |       |     1 |       |       |     2 ||     3
       Staff of Wucad Mu |       |       |       |       |       |     4 |     3 |       |       ||     7
       Sack of spiders   |       |       |       |       |       |     1 |     1 |       |       ||     2
       Lamp of fire      |       |       |       |       |       |       |     3 |     1 |     4 ||     8
       Lightning rod     |       |       |       |       |       |       |       |     2 |     3 ||     5
       Fan of gales      |       |       |       |       |       |       |       |       |     3 ||     3
       Box of beasts     |       |       |       |       |       |       |       |       |     3 ||     3
       Horn of Geryon    |       |       |       |       |       |       |       |       |     1 ||     1
       Phial of floods   |       |       |       |       |       |       |       |       |     1 ||     1
  Use: Scroll            |       |     2 |    11 |     7 |    20 |     6 |    16 |    14 |    19 ||    95
       Potion            |       |       |     1 |       |     2 |     2 |    25 |    10 |    46 ||    86
 Stab: Sleeping          |     4 |     2 |     2 |     5 |     8 |    14 |    46 |     8 |    19 ||   108
       Paralysed         |       |       |       |       |       |     4 |     3 |       |     2 ||     9
       Held in net/web   |       |       |       |       |       |     2 |     1 |       |       ||     3
       Invisible         |       |       |       |       |       |       |     1 |     3 |       ||     4
       Confused          |       |       |       |       |       |       |       |     2 |       ||     2
       Distracted        |       |       |       |       |       |       |       |     1 |       ||     1
       Petrified         |       |       |       |       |       |       |       |       |     2 ||     2
  Eat: Ration            |       |     1 |     5 |     7 |    13 |    15 |    19 |    12 |    18 ||    90
Armor: Robe              |     6 |     9 |     6 |     6 |    10 |       |       |       |       ||    37
       Skin              |       |       |    10 |       |       |       |       |       |       ||    10
       Steam dragon scal |       |       |       |       |    13 |    33 |    47 |    64 |   136 ||   293
Dodge: Dodged            |    23 |    59 |    87 |   106 |   524 |   483 |   615 |   605 |  1169 ||  3671
       Deflected         |       |       |       |     1 |    11 |    27 |    38 |    30 |    60 ||   167
Block: Buckler           |       |       |       |    21 |   253 |   262 |   398 |   366 |   654 ||  1954
